 Dungeon Crawl Stone Soup version 0.28.0-47-ge53b351184 (webtiles) character file.

Game seed: 4854252612453811121

1943 pkoi the Stinger (level 8, -1/59 HPs)
             Began as a Demigod Venom Mage on May 7, 2022.
             Slain by an ice beast (13 damage)
             ... on level 6 of the Dungeon.
             The game lasted 00:15:01 (13259 turns).

pkoi the Stinger (Demigod Venom Mage)              Turns: 13259, Time: 00:15:02

Health: -1/59      AC:  6    Str:  9    XL:     8   Next: 66%
Magic:  15/15      EV: 12    Int: 25    God:
Gold:   213        SH:  0    Dex: 14    Spells: 3/13 levels left

rFire   . . .      SeeInvis .   n - +3 whip (elec)
rCold   . . .      Faith    .   (no shield)
rNeg    . . .      Spirit   .   e - +2 leather armour {Will+}
rPois   .          Reflect  .   (no helmet)
rElec   .          Harm     .   (no cloak)
rCorr   .          Rampage  .   d - +0 pair of gloves
Will    +....                   (no boots)
Stlth   ++........              (no amulet)
HPRegen 0.19/turn               (no ring)
MPRegen 0.14/turn               (no ring)

@: no status effects
A: high MP 1, forlorn, divine attributes
a: no special abilities


You were on level 6 of the Dungeon.
You visited 1 branch of the dungeon, and saw 6 of its levels.

You collected 213 gold pieces.

Inventory:

Hand Weapons
 c - a +2 dagger of draining
 j - a +2 dagger of venom
 n - a +3 whip of electrocution (weapon)
Missiles
 l - a throwing net
Armour
 a - a +0 robe
 d - a +0 pair of gloves (worn)
 e - a +2 leather armour of willpower (worn)
Jewellery
 o - a ring of fire
Scrolls
 b - a scroll of summoning
 f - a scroll of fog
 h - a scroll of teleportation
 m - 5 scrolls of identify
 p - a scroll of fear
 q - a scroll of magic mapping
Potions
 g - a potion of curing
 i - 2 potions of heal wounds
 k - a potion of might


   Skills:
 + Level 1.0 Fighting
 + Level 4.2 Armour
 + Level 2.2 Dodging
 - Level 1.7 Stealth
 + Level 1.1 Unarmed Combat
 + Level 3.1 Spellcasting
 + Level 4.9 Transmutations
 - Level 3.0 Fire Magic
 + Level 1.1 Air Magic
 - Level 7.0 Poison Magic


You had 3 spell levels left.
You knew the following spells:

 Your Spells              Type           Power      Damage    Failure   Level
a - Sting                 Tmut/Pois      100%       1d8       1%          1
b - Poisonous Vapours     Pois/Air       48%        N/A       3%          2
c - Ignite Poison         Fire/Tmut/Pois 28%        N/A       5%          3
d - Olgreb's Toxic Radia  Pois           38%        N/A       8%          4

Your spell library contained the following spells:

 Spells                   Type           Power      Damage    Failure   Level
 Wereblood                Tmut           28%        N/A       2%          2
 Spider Form              Tmut/Pois      33%        N/A       3%          3
 Mephitic Cloud           Conj/Pois/Air  17%        N/A       14%         3
 Corpse Rot               Necr/Air       12%        N/A       16%         2
 Ensorcelled Hibernation  Hex/Ice        6%         N/A       21%         2
 Sublimation of Blood     Necr           3%         N/A       21%         2
 Conjure Flame            Conj/Fire      11%        6-21      22%         3
 Summon Guardian Golem    Hex/Summ       3%         N/A       38%         3
 Sticky Flame             Conj/Fire      11%        2d3       58%         4
 Anguish                  Hex/Necr       1%         N/A       80%         4
 Dispel Undead            Necr           3%         3d7       80%         4
 Leda's Liquefaction      Hex/Erth       1%         N/A       80%         4
 Lee's Rapid Deconstruct  Erth           1%         3d5*      98%         5
 Death Channel            Necr           1%         N/A       100%        6
 Statue Form              Tmut/Erth      10%        N/A       100%        6
 Orb of Destruction       Conj           1%         9d5       100%        7
 Spellforged Servitor     Conj/Summ      1%         N/A       100%        7
 Summon Hydra             Summ           1%         N/A       100%        7


Dungeon Overview and Level Annotations

Branches:
Dungeon (6/15)
 Temple: D:4-7

Shops:
D:3 (


Innate Abilities, Weirdness & Mutations

You have an increased reservoir of magic. (+10% MP)
You shall have no god before yourself.
Your divine heritage dramatically boosts your attributes as you level up.


Message History

Items here: ))) [ †.
You now have 213 gold pieces (gained 5).
Things that are here:
a +0 club; an orc skeleton An ice beast is nearby!
An ice beast is nearby!
An ice beast is nearby!
The ice beast barely misses you.
You see here a +0 whip.
You hit the ice beast.
The ice beast is lightly wounded.
The ice beast hits you but does no damage.
You hit the ice beast.
The ice beast is lightly wounded.
The ice beast hits you. The ice beast freezes you!
* * * LOW HITPOINT WARNING * * *
You hit the ice beast.
Lightning courses through the ice beast!
The ice beast is heavily wounded.
The ice beast closely misses you.
You hit the ice beast but do no damage.
Lightning courses through the ice beast!
The ice beast is almost dead.
The ice beast hits you.
* * * LOW HITPOINT WARNING * * *
The ice beast freezes you!
* * * LOW HITPOINT WARNING * * *
You closely miss the ice beast.
The ice beast is almost dead.
The ice beast hits you.
* * * LOW HITPOINT WARNING * * *
The ice beast freezes you!
* * * LOW HITPOINT WARNING * * *
Unknown command.
You closely miss the ice beast.
The ice beast is almost dead.
The ice beast hits you.
* * * LOW HITPOINT WARNING * * *
The ice beast freezes you!
You die...

#.#
#[.)))).....#####..#.#)###
#.#
#.#####.)..##..##.##..))..
#.######.#
#........###..#....##
#........#
#....##...#..##.)....
##########
#.#.##...##..##.##### #
#.#.#....###.#### #
#.#.)....#...PP# #
#..Y.....#...P^# #
#..#@....#.._.^# #
#....##....#....P# #######
#.##.###...#..PP^# .......
... ... ...####### #######
#.. ..# ##... # #. ....
...# ...# ..# .#


You could see an ice beast.

Vanquished Creatures
  A troll (D:5)
  A wraith (D:4)
  A black bear (D:5)
  A necrophage (D:6)
  2 ogres
  A centaur (D:5)
  A bullfrog (D:6)
  2 scorpions (D:5)
  6 electric eels (D:5)
  3 howler monkeys
  2 hounds
  5 orc priests
  2 iguanas
  5 orc wizards
  A hound skeleton (D:5)
  3 gnolls (D:4)
  9 adders
  A shadow imp (D:4)
  An adder skeleton (D:4)
  A dart slug (D:2)
  30 orcs
  5 bats
  4 endoplasms
  4 giant cockroaches
  7 goblins
  8 hobgoblins
  5 quokkas
  8 ball pythons
  4 frilled lizards
  8 kobolds
  3 rats
135 creatures vanquished.

Vanquished Creatures (others)
  A fungus (D:6)
  9 plants
10 creatures vanquished.

Grand Total: 145 creatures vanquished

Notes
Turn   | Place    | Note
-------+----------+-------------------------------------------
     0 | D:1      | pkoi the Demigod Venom Mage began the quest for the Orb.
     0 | D:1      | Reached XP level 1. HP: 14/14 MP: 5/5
   195 | D:1      | Reached skill level 3 in Poison Magic
   713 | D:1      | Reached XP level 2. HP: 20/20 MP: 4/7
  2177 | D:2      | You fall into a shaft and drop 1 floor!
  2177 | D:3      | Found Wiakilim's Weapon Shop.
  2613 | D:3      | Reached XP level 3. HP: 24/26 MP: 3/8
  2630 | D:2      | Reached skill level 4 in Poison Magic
  3083 | D:2      | Learned a level 2 spell: Poisonous Vapours
  4337 | D:4      | Reached XP level 4. HP: 33/33 MP: 1/9
  4507 | D:4      | Learned a level 3 spell: Ignite Poison
  5193 | D:4      | Reached skill level 1 in Transmutations
  5695 | D:4      | Reached skill level 5 in Poison Magic
  5695 | D:4      | Reached XP level 5. HP: 5/38 MP: 2/10
  6340 | D:4      | Reached skill level 1 in Fire Magic
  6988 | D:5      | Entered Level 5 of the Dungeon
  6992 | D:5      | Noticed a wraith
  7236 | D:4      | Killed a wraith
  7237 | D:4      | Reached XP level 6. HP: 5/45 MP: 12/12
  7590 | D:4      | Learned a level 4 spell: Olgreb's Toxic Radiance
  8524 | D:5      | Reached skill level 6 in Poison Magic
  8908 | D:5      | Reached XP level 7. HP: 43/50 MP: 7/14
  9211 | D:5      | Reached skill level 1 in Armour
 10244 | D:5      | Noticed a troll
 10249 | D:5      | Killed a troll
 10250 | D:5      | Reached skill level 7 in Poison Magic
 10356 | D:5      | Reached XP level 8. HP: 57/57 MP: 7/15
 12429 | D:6      | Reached skill level 1 in Fighting
 12429 | D:6      | Reached skill level 1 in Unarmed Combat
 12430 | D:6      | Reached skill level 1 in Air Magic
 13259 | D:6      | Slain by an ice beast

Illustrated notes

Levels and vault maps discovered:
D:1:      dpeg_arrival_rooms_with_view, layout_basic,
          hellmonk_ecumenical_altar_inner_sanctum, chequers_arboretum
D:2:      layout_loops_cross
D:3:      layout_rooms, serial_shops, nicolae_shop_crystal
D:4:      layout_layer_cave, tso_altar
D:5:      cheibrodos_two_vegetables, layout_basic, overflow_temple_1_default
D:6:      layout_loops_ring, tgw_kikubaaqudgha, nicolae_ru_the_path_less_chosen

Skill      XL: |  1  2  3  4  5  6  7  8 |
---------------+-------------------------+-----
Poison Magic   | 3 4 5 6 7 |  7.0
Transmutations | 1 2 3 4 |  4.9
Spellcasting   | 2 3 |  3.1
Fire Magic     | 1 2 3 |  3.0
Armour         | 2 4 |  4.2
Dodging        | 2 |  2.2
Fighting       | 1 |  1.0
Unarmed Combat | 1 |  1.1
Air Magic      | 1 |  1.1
Stealth        | |  1.7

Action                   |  1- 3 |  4- 6 |  7- 9 || total
-------------------------+-------+-------+-------++-------
Melee: Unarmed           |     5 |       |       ||     5
       Dagger            |    11 |     7 |       ||    18
       Whip              |       |    33 |    19 ||    52
       Punch             |       |     3 |       ||     3
 Cast: Sting             |    97 |    50 |       ||   147
       Poisonous Vapours |       |    21 |    42 ||    63
       Ignite Poison     |       |     7 |    31 ||    38
       Olgreb's Toxic Ra |       |     1 |     5 ||     6
  Use: Scroll            |     5 |     4 |     3 ||    12
       Potion            |     3 |       |       ||     3
Armor: Robe              |    13 |     7 |       ||    20
       Leather armour    |       |     8 |     4 ||    12
Dodge: Dodged            |    40 |    47 |    15 ||   102
